 Dungeon Crawl Stone Soup version 0.31.0-12-g77e489cdc1 (webtiles) character file.

Game seed: 11577311307940810156

40 Edyrem the Poker (level 3, 0/45 HPs)
             Began as a Merfolk Berserker on Feb 27, 2024.
             Was a Follower of Trog.
             Succumbed to an adder's poison
             ... on level 2 of the Dungeon.
             The game lasted 00:02:00 (1391 turns).

Edyrem the Poker (Merfolk Berserker)                Turns: 1391, Time: 00:02:00

Health: 0/45       AC:  3    Str: 17    XL:     3   Next: 50%
Magic:  3/3        EV: 14    Int: 12    God:    Trog [*.....]
Gold:   43         SH:  0    Dex: 21    Spells: 2/2 levels left

rFire   . . .        a - +0 spear
rCold   . . .        (no shield)
rNeg    . . .        b - +0 animal skin
rPois   .            (no helmet)
rElec   .            (no cloak)
rCorr   .            (no gloves)
SInv    .            n - +0 pair of boots
Will    .....        (no amulet) Stlth
                     e - +6 ring of dexterity
HPRegen 0.27/turn    k - +6 ring of intelligence
MPRegen 0.08/turn

%: no passive effects
@: berserking (expiring), lethally poisoned (0 -> -2), very quick
A: (nimble swimmer 2), mertail
a: Renounce Religion, Berserk


You were on level 2 of the Dungeon.
You worshipped Trog.
Trog was aware of your devotion.
You visited 1 branch of the dungeon, and saw 2 of its levels.

You collected 43 gold pieces.

Inventory:

Hand Weapons
 a - a +0 spear (weapon)
Missiles
 d - 4 poisoned darts (quivered)
Armour
 b - a +0 animal skin (worn)
 n - a +0 pair of boots (worn)
Jewellery
 e - a +6 ring of dexterity (left hand)
 k - a +6 ring of intelligence (right hand)
Talismans
 j - a flux talisman
Scrolls
 c - a scroll of immolation {unknown}
 f - 2 scrolls of identify {unknown}
 g - a scroll of fear {unknown}
 i - 2 scrolls of teleportation {unknown}
 m - a scroll of fog {unknown}
Potions
 h - a potion of berserk rage {unknown}
 l - a potion of might {unknown}


   Skills:
 + Level 3.8 Fighting
 + Level 4.5 Polearms
 - Level 1.3 Armour
 + Level 3.4 Dodging
 * Level 1.4 Shapeshifting


You had 2 spell levels left.
You didn't know any spells.
Your spell library was empty.

Dungeon Overview and Level Annotations

Branches:
Dungeon (2/15)

Altars:


Innate Abilities, Weirdness & Mutations

((You are very nimble when in or above water. (Stealth+, EV+, Speed+++)))
Your lower body shifts to a powerful aquatic tail in water.


Message History

The adder bites you.
The ribbon worm expels a string of sticky webbing.
The stream of webbing hits you but does no damage.
You are caught in a web!
You struggle to detach yourself from the web.
The adder completely misses you. The ribbon worm bites you.
* * * LOW HITPOINT WARNING * * *
The adder bites you.
* * * LOW HITPOINT WARNING * * *
You are lethally poisoned!
The adder poisons you!
The web tears apart.
* * * LOW HITPOINT WARNING * * *
You feel sick. The adder barely misses you.
The ribbon worm completely misses you.
A red film seems to cover your vision as you go berserk!
You feel yourself moving faster!
You feel mighty!
* * * LOW HITPOINT WARNING * * *
You feel sick. The adder barely misses you. The ribbon worm misses you.
You puncture the ribbon worm!
The ribbon worm is almost dead.
* * * LOW HITPOINT WARNING * * *
You feel sick. The adder closely misses you.
You puncture the ribbon worm!
You kill the ribbon worm!
Trog accepts your kill. The adder misses you.
You puncture the adder!
The adder is severely wounded.
* * * LOW HITPOINT WARNING * * *
You feel sick.
You hit the adder.
The adder is almost dead.
* * * LOW HITPOINT WARNING * * *
You feel sick. The adder bites you but does no damage.
You hit the adder.
You kill the adder!
Trog accepts your kill.
There is a lethal amount of poison in your body!
You die...

###.##...........###......
#.###..#..##........>...
###.###...........##......
.....##..#####.#..........
......##.#####.#..........
.......#.....#.#..........
.......####...............
............#...#.......#.
.......#######..@.......#
.......# ##.........#
......## #...........
......## #..#.......#
.......# ...#......
.......# ...........
.......# ...........
.......# ............
.........


There were no monsters in sight!

Vanquished Creatures
  An adder (D:2)
  4 ribbon worms (D:2)
  2 dart slugs (D:1)
  2 ball pythons
  2 endoplasms
  2 hobgoblins
  5 bats
  A frilled lizard (D:1)
19 creatures vanquished.

Notes
Turn   | Place    | Note
-------+----------+-------------------------------------------
     0 | D:1      | Edyrem the Merfolk Berserker began the quest for the Orb.
     0 | D:1      | Reached XP level 1. HP: 18/18 MP: 1/1
   247 | D:1      | Reached XP level 2. HP: 19/24 MP: 2/2
  1095 | D:2      | HP: 1/25 [ribbon worm (5)]
  1097 | D:2      | Reached XP level 3. HP: 1/30 MP: 3/3
  1277 | D:2      | Reached skill level 1 in Shapeshifting
  1386 | D:2      | HP: 2/45 [poisoned by an adder]
  1391 | D:2      | Succumbed to an adder's poison

Illustrated notes

Levels and vault maps discovered:
D:1:      scummos_arrival_checkerplants, layout_loops_corners,
          patterned_corridor
D:2:      layout_rooms, dreamdust_mushroom_princess

Skill      XL: |  1  2  3 |
---------------+----------+-----
Dodging        | 3 |  3.4
Shapeshifting  | 1 |  1.4
Fighting       | |  3.8
Polearms       | |  4.5
Armour         | |  1.3

Action                     || total
---------------------------++-------
  Melee: Spear             ||    87
         Punch             ||     1
 Invoke: Berserk           ||     1
   Stab: Sleeping          ||     2
 Armour: Animal skin       ||    37
  Dodge: Dodged            ||    47
